 Dungeon Crawl Stone Soup version 0.28.0 (webtiles) character file.

Game seed: 854916745571865843

8 Morbidden the Skirmisher (level 2, 24/24 HPs)
             Began as a Demonspawn Fighter on Feb 15, 2022.
             Quit the game on level 1 of the Dungeon.
             The game lasted 00:00:16 (421 turns).

Morbidden the Skirmisher (Demonspawn Fighter)        Turns: 421, Time: 00:00:17

Health: 24/24      AC:  6    Str: 16    XL:     2   Next: 0%
Magic:  2/2        EV:  9    Int:  9    God:
Gold:   18         SH:  4    Dex: 12    Spells: 1/1 levels left

rFire   . . .      SeeInvis .   a - +0 war axe
rCold   . . .      Faith    .   c - +0 buckler
rNeg    . . .      Spirit   .   b - +0 scale mail
rPois   .          Reflect  .   (no helmet)
rElec   .          Harm     .   (no cloak)
rCorr   .          Rampage  .   (no gloves)
Will    .....                   (no boots)
Stlth   ..........              (no amulet)
HPRegen 0.08/turn               (no ring)
MPRegen 0.08/turn               (no ring)

@: no status effects
A: demonic guardian 1
a: no special abilities


You were on level 1 of the Dungeon.
You visited 1 branch of the dungeon, and saw 1 of its levels.

You collected 18 gold pieces.

Inventory:

Hand Weapons
 a - a +0 war axe (weapon)
Armour
 b - a +0 scale mail (worn)
 c - a +0 buckler (worn)
Jewellery
 g - a ring of willpower
Scrolls
 e - a scroll of identify {unknown}
Potions
 d - a potion of might
 f - a potion of cancellation {unknown}


   Skills:
 * Level 3.2 Fighting
 + Level 1.9 Axes
 + Level 2.8 Armour
 * Level 0.3 Dodging
 + Level 2.7 Shields


You had one spell level left.
You didn't know any spells.
Your spell library was empty.

Dungeon Overview and Level Annotations

Branches:
Dungeon (1/15)

Altars:


Innate Abilities, Weirdness & Mutations

A weak demonic guardian rushes to your aid.


Message History

Key pressed, stopping explore.
No target in view!
A rat comes into view.
Found 5 gold pieces.
The rat barely misses you.
A rat is nearby!
You hit the rat but do no damage. The rat bites you but does no damage.
A rat is nearby!
You hit the rat.
The rat is severely wounded.
The rat bites you.
A rat is nearby!
You slash the rat!
You kill the rat!
No target in view!
You now have 5 gold pieces.
f - a fuming ruby potion No target in view!
A kobold comes into view. It is wielding a +0 dagger.
You see here 13 gold pieces.
A kobold is nearby!
Found a golden ring.
A kobold is nearby!
The kobold hits you with a +0 dagger.
You barely miss the kobold. You block the kobold's attack.
A kobold is nearby!
You hit the kobold but do no damage. The kobold hits you but does no damage.
The kobold completely misses you.
A kobold is nearby!
You closely miss the kobold. The kobold hits you but does no damage.
You completely miss the kobold. The kobold closely misses you. x2
You slash the kobold!
You kill the kobold!
You have reached level 2!
Your demonic ancestry asserts itself...
You feel the presence of a demonic guardian.
Things that are here:
a +0 dagger; 3 stones; a kobold corpse You now have 18 gold pieces (gained 13).
g - a ring of willpower Are you sure you want to abandon this character and quit the game? (Confirm with "yes".)

## #.#.#.#.# )# #.#.#.#.# .#
#.#.#.#.# .
.#####'#.#.#.######### # .
.##..................#.#.#
..#.....##.#.#######.#.#.#
..#......................#
#.#......#.#.#######.#.###.#
................@...........
#.####.#.#.#.#######)#.#####
#.# #.#...#.# #.#.# #.#
#.#####.# #.# # #.# #.# #.#
..# #.# ..# ..# ..# ..# ##.#


There were no monsters in sight!

Vanquished Creatures
  3 endoplasms (D:1)
  A goblin (D:1)
  A kobold (D:1)
  2 rats (D:1)
7 creatures vanquished.

Notes
Turn   | Place    | Note
-------+----------+-------------------------------------------
     0 | D:1      | Morbidden the Demonspawn Fighter began the quest for the
                  | Orb.
     0 | D:1      | Reached XP level 1. HP: 18/18 MP: 1/1
   382 | D:1      | Gained mutation: A weak demonic guardian rushes to your
                  | aid. [demonic ancestry]
   382 | D:1      | Reached XP level 2. HP: 21/24 MP: 2/2
   421 | D:1      | Quit the game

Illustrated notes

Levels and vault maps discovered:
D:1:      lemuel_arrival_room, layout_basic,
          shapermc_ecumenical_altar_notcrosses

Action                   || total
-------------------------++-------
Melee: War axe           ||    20
Armor: Scale mail        ||     4
Dodge: Dodged            ||     7
Block: Buckler           ||     4
